 Dungeon Crawl Stone Soup version 0.26.1-11-gd32895ea62 (webtiles) character file.

Game seed: 9550933814579843832

404 Icepheonix32 the Ducker (level 6, -2/43 HPs)
             Began as a Spriggan Venom Mage on June 21, 2021.
             Was an Initiate of Dithmenos.
             Slain by a hornet zombie (8 damage)
             ... on level 6 of the Dungeon.
             The game lasted 00:18:52 (8143 turns).

Icepheonix32 the Ducker (Spriggan Venom Mage)       Turns: 8143, Time: 00:18:52

Health: -2/43      AC:  6    Str:  4      XL:     6   Next: 56%
Magic:  14/14      EV: 21    Int: 17 (19) God:    Dithmenos [......]
Gold:   241        SH:  0    Dex: 17 (18) Spells: 2/15 levels left

rFire    . . .     SeeInvis +   r - +0 spear (freeze)
rCold    + . .     Faith    .   (shield restricted)
rNeg     . . .     Spirit   .   a - +1 robe
rPois    .         Reflect  .   (helmet restricted)
rElec    .         Harm     .   h - +2 cloak
rCorr    .         Rampage  .   (gloves unavailable)
Will     +....                  (boots unavailable)
Stlth    ..........             (no amulet)
HPRegen  0.14/turn              e - ring of protection from cold
MPRegen  0.14/turn              (no ring)

@: berserking (expiring), very quick
A: very small, unfitting armour, see invisible, clever 1, speed 3, subdued magic
1
a: Renounce Religion


You were on level 6 of the Dungeon.
You worshipped Dithmenos.
Dithmenos was noncommittal.
You visited 2 branches of the dungeon, and saw 7 of its levels.

You collected 241 gold pieces.

Inventory:

Hand Weapons
 b - a +0 dagger
 q - a +0 falchion
 r - a +0 spear of freezing (weapon)
 s - a +0 hunting sling
Missiles
 g - 14 poisoned darts (quivered)
 n - 68 arrows
 t - 8 boomerangs
Armour
 a - a +1 robe (worn)
 h - a +2 cloak (worn)
Jewellery
 e - a ring of protection from cold (left hand)
Wands
 u - a wand of random effects (20)
Scrolls
 c - 4 scrolls of teleportation
 d - 2 scrolls of remove curse
 f - a scroll of vulnerability
 i - a scroll of silence {unknown}
 j - 2 scrolls of fog
 l - a scroll of noise
 m - a scroll of blinking
 o - a scroll of brand weapon
Potions
 k - 6 potions of curing


   Skills:
 + Level 0.5 Fighting
 - Level 0.3(0.4) Short Blades
 + Level 0.1 Throwing
 * Level 5.8 Dodging
 - Level 4.0 Stealth
 + Level 5.2 Spellcasting
 + Level 1.8 Transmutations
 * Level 4.6 Poison Magic


You had 2 spell levels left.
You knew the following spells:

 Your Spells              Type           Power        Failure   Level
a - Sting                 Tmut/Pois      44%          2%          1
b - Poisonous Vapours     Pois/Air       18%          7%          2
c - Mephitic Cloud        Conj/Pois/Air  7%           19%         3
d - Ignite Poison         Fire/Tmut/Pois 9%           14%         3
e - Olgreb's Toxic Radia  Pois           15%          17%         4

Your spell library contained the following spells:

 Spells                   Type           Power        Failure   Level


Dungeon Overview and Level Annotations

Branches:
Dungeon (6/15)             Temple (1/1) D:4

Altars:
Ashenzari
Cheibriados
Dithmenos
Elyvilon
Fedhas
Gozag
Kikubaaqudgha
Makhleb
Okawaru
Qazlal
Ru
Sif Muna
Trog
Uskayaw
Wu Jian
Xom
Zin
The Shining One

Shops:
D:4 (


Innate Abilities, Weirdness & Mutations

You are very small and have problems with some larger weapons.
You are too small for most types of armour.
You have supernaturally acute eyesight. (SInv)
You cover ground extremely quickly.
Your mind is acute. (Int +2)
Your spells are a little easier to cast, but a little less powerful.


Message History

* * * LOW HITPOINT WARNING * * *
You puncture the sky beast! You freeze the sky beast.
The sky beast is almost dead.
The hornet zombie hits you.
* * * LOW HITPOINT WARNING * * *
You barely miss the hornet zombie.
The hornet zombie is almost destroyed.
The sky beast hits you but does no damage.
The hornet zombie closely misses you.
You closely miss the hornet zombie.
The hornet zombie is almost destroyed.
The sky beast completely misses you.
The hornet zombie completely misses you.
You hit the hornet zombie.
The hornet zombie is almost destroyed.
The hornet zombie misses you. The sky beast barely misses you.
You barely miss the sky beast.
The sky beast is almost dead.
The hornet zombie hits you!
You die...

#.# #...Z.......
#Z# #.##........
#.# #.#####.....
#.# #.# #..... #.#
#.# #.##..
#.###.#####.##..#
#.
#........>...#..#
.#
#.###Z#####..#..#
.. #.# #@#
#..#..## .. #.#
#Y# #..#... .. #.#
#o# #..#.# # #.#
#..####....### #.#
##...........#####
#.
........###.##...
#.####### #.##.##
#.# #.##.# .o
#.##.#


You could see an orc warrior, a sky beast and a hornet zombie.

Vanquished Creatures
  A bullfrog (D:6)
  2 orc wizards
  2 worker ants
  A howler monkey zombie (D:5)
  7 gnolls
  5 adders
  2 oozes
  2 adder skeletons (D:5)
  2 worms (D:2)
  A dart slug (D:1)
  4 leopard geckos
  16 orcs
  7 bats
  2 giant cockroaches
  3 hobgoblins (D:1)
  2 jackals (D:1)
  3 quokkas
  6 frilled lizards
  7 goblins
  5 kobolds
  A leopard gecko skeleton (D:4)
  8 rats
89 creatures vanquished.

Notes
Turn   | Place    | Note
-------+----------+-------------------------------------------
     0 | D:1      | Icepheonix32 the Spriggan Venom Mage began the quest for
                  | the Orb.
     0 | D:1      | Reached XP level 1. HP: 9/9 MP: 5/5
   257 | D:1      | Reached XP level 2. HP: 9/13 MP: 0/6
  1476 | D:2      | Reached XP level 3. HP: 16/16 MP: 5/8
  2531 | D:2      | Found a blossoming altar of Fedhas.
  2538 | D:2      | Found an ancient bone altar of Kikubaaqudgha.
  2546 | D:2      | Found a glowing golden altar of the Shining One.
  2553 | D:2      | Found a hide-covered altar of Uskayaw.
  2561 | D:2      | Found a bloodstained altar of Trog.
  2568 | D:2      | Found a burning altar of Makhleb.
  2574 | D:2      | Found a snail-covered altar of Cheibriados.
  3703 | D:3      | Reached XP level 4. HP: 21/21 MP: 6/10
  4433 | D:4      | Noticed a phantom
  4598 | D:4      | Reached XP level 5. HP: 16/24 MP: 8/12
  4608 | D:4      | Found a staircase to the Ecumenical Temple.
  4620 | Temple   | Entered the Ecumenical Temple
  4907 | Temple   | Became a worshipper of Dithmenos the Shadowed
  5119 | D:4      | Found Celamuq's Weapon Boutique.
  5812 | D:4      | Noticed a phantom
  5908 | D:4      | Reached skill level 5 in Dodging
  6013 | D:3      | Learned a level 2 spell: Poisonous Vapours
  6017 | D:3      | Learned a level 3 spell: Mephitic Cloud
  6021 | D:3      | Learned a level 3 spell: Ignite Poison
  6026 | D:3      | Learned a level 4 spell: Olgreb's Toxic Radiance
  6759 | D:4      | Reached XP level 6. HP: 17/28 MP: 9/14
  6861 | D:5      | Entered Level 5 of the Dungeon
  7023 | D:5      | Reached skill level 5 in Spellcasting
  7844 | D:6      | Gained mutation: Your spells are a little easier to cast,
                  | but a little less powerful. [potion of mutation]
  7844 | D:6      | Gained mutation: Your mind is acute. (Int +2) [potion of
                  | mutation]
  7967 | D:6      | Noticed an orc warrior
  8003 | D:6      | Noticed a sky beast
  8143 | D:6      | Slain by a hornet zombie

Illustrated notes

Levels and vault maps discovered:
D:1:      kilobyte_arrival_exit_the_forest, layout_basic
D:2:      layout_basic, grunt_temple_overflow_octagram
D:3:      layout_loops_corners
D:4:      layout_basic, temple_hall, serial_shops, nicolae_shop_waterfront
D:5:      layout_gridville, kennysheep_boxes
D:6:      layout_loops_ring, old_standard_altar, gup_sewer_entry_spiral
Temple:   grunt_temple_mini_profane

Skill      XL: |  1  2  3  4  5  6 |
---------------+-------------------+-----
Spellcasting   | 3 4 5 |  5.2
Dodging        | 4 5 |  5.8
Stealth        | 4 |  4.0
Poison Magic   | 4 |  4.6
Fighting       | |  0.5
Short Blades   | |  0.3
Throwing       | |  0.1
Transmutations | |  1.8

Action                   |  1- 3 |  4- 6 || total
-------------------------+-------+-------++-------
Melee: Dagger            |    89 |     5 ||    94
       Falchion          |       |    13 ||    13
       Spear             |       |   159 ||   159
Throw: Dart              |    13 |    54 ||    67
 Cast: Sting             |    59 |    67 ||   126
  Use: Scroll            |     3 |     8 ||    11
       Potion            |     2 |     7 ||     9
 Stab: Sleeping          |     8 |     2 ||    10
Armor: Robe              |    13 |    22 ||    35
Dodge: Dodged            |    77 |   191 ||   268
       Rpst.: Falchion   |       |     3 ||     3
